 Dungeon Crawl Stone Soup version 0.25-a0-100-g33052ceff8 (webtiles) character file.

Game seed: 8739057028996162658, levelgen mode: deterministic

31 vurker the Magician (level 3, -3/25 HPs)
             Began as a Mummy Fire Elementalist on Nov 14, 2019.
             Killed by divine providence
             ... invoked by an orc priest
              (15 damage)
             ... on level 3 of the Dungeon.
             The game lasted 00:02:27 (1802 turns).

vurker the Magician (Mummy Fire Elementalist)       Turns: 1802, Time: 00:02:27

Health: -3/25      AC:  4    Str: 11    XL:     3   Next: 7%
Magic:  1/7        EV: 12    Int: 15    God:
Gold:   93         SH:  0    Dex: 12    Spells: 7/8 levels left

rFire    x . .     SeeInvis .   (no weapon)
rCold    + . .     Gourm    .   (no shield)
rNeg     + + +     Faith    .   a - +0 robe
rPois    ∞         Spirit   .   (no helmet)
rElec    .         Reflect  .   b - +1 cloak
rCorr    .         Harm     .   (no gloves)
MR       .....                  (no boots)
Stlth    ++........             (no amulet)
HPRegen  0.08/turn              (no ring)
MPRegen  0.10/turn              (no ring)

@: very slightly contaminated
A: no food or potions, fire vulnerability, cold resistance 1, negative energy
resistance 3, torment resistance, unbreathing
a: no special abilities


You were on level 3 of the Dungeon.
You were not hungry.

You visited 1 branch of the dungeon, and saw 3 of its levels.

You collected 93 gold pieces.

Inventory:

Armour
 a - a +0 robe (worn)
 b - a +1 cloak (worn)
   (You found it on level 2 of the Dungeon)
Scrolls
 c - a scroll of teleportation
 d - a scroll of immolation


   Skills:
 + Level 0.5 Fighting
 - Level 1.5 Dodging
 - Level 1.5 Stealth
 * Level 3.2 Spellcasting
 * Level 1.4 Conjurations
 * Level 2.8 Fire Magic


You had 7 spell levels left.
You knew the following spells:

 Your Spells              Type           Power        Failure   Level  Hunger
a - Flame Tongue          Conj/Fire      #....        9%          1    N/A

Your spell library contained the following spells:

 Spells                   Type           Power        Failure   Level  Hunger
 Throw Flame              Conj/Fire      #.....       12%         2    N/A
 Conjure Flame            Conj/Fire      #.......     24%         3    N/A
 Inner Flame              Hex/Fire       #.......     32%         3    N/A
 Sticky Flame             Conj/Fire      #.......     63%         4    N/A
 Fireball                 Conj/Fire      #.........   92%         5    N/A

Dungeon Overview and Level Annotations

Branches:
Dungeon (3/15)

Altars:
Vehumet


Innate Abilities, Weirdness & Mutations

You do not eat or drink.
Your flesh is vulnerable to fire.
You are immune to poison.
Your flesh is cold resistant. (rC+)
You are immune to negative energy. (rN+++)
You are immune to unholy pain and torment.
You can survive without breathing.


Message History

You have reached level 3!
Your experience leads to an increase in your attributes!
Increase (S)trength, (I)ntelligence, or (D)exterity?
You feel clever. The orc hits you but does no damage.
You don't have enough magic to cast that spell.
You hit the orc. The orc hits you but does no damage.
You hit the orc. The orc hits you with a +0 hand axe.
You hit the orc. The orc barely misses you.
You completely miss the orc. The orc hits you with a +0 hand axe.
You barely miss the orc. The orc closely misses you.
You hit the orc.
You kill the orc!
You see here a +0 hand axe.
There is a stone staircase leading down here.
You start resting.
You start resting.
You climb downwards.
A hobgoblin comes into view. It is wielding a +0 club.
The hobgoblin hits you with a +0 club.
There is a stone staircase leading up here.
Aim: a hobgoblin, wielding a +0 club The flame tongue misses the hobgoblin.
The hobgoblin misses you.
The orc priest hits you with a +1 dagger of draining.
Aim: a hobgoblin, wielding a +0 club The flame tongue hits the hobgoblin.
The hobgoblin hits you with a +0 club.
The orc priest hits you but does no damage.
Aim: a hobgoblin, wielding a +0 club (severely wounded)
You miscast Flame Tongue.
You are very lightly contaminated with residual magic.
Nothing appears to happen.
The orc priest hits you but does no damage.
The hobgoblin closely misses you.
Aim: an orc priest, wielding a +1 dagger of draining and wearing a +0 leather armour (lightly wounded)
The flame tongue hits the orc priest.
The orc priest closely misses you. The hobgoblin hits you with a +0 club.
Aim: an orc priest, wielding a +1 dagger of draining and wearing a +0 leather armour (moderately wounded)
The flame tongue hits the orc priest.
The orc priest hits you with a +1 dagger of draining.
The hobgoblin barely misses you.
Aim: an orc priest, wielding a +1 dagger of draining and wearing a +0 leather armour (heavily wounded)
The flame tongue hits the orc priest.
The orc priest hits you with a +1 dagger of draining.
* * * LOW HITPOINT WARNING * * *
The hobgoblin misses you.
You hit the orc priest.
The orc priest mumbles some strange prayers to Beogh against you.
Beogh smites you!
Ouch! That really hurt!
You die...

#.# ..# #
..# #.
..#
.##$.#
....#
##.g.####
#.@o....+
#....####
#.#.## #.
## #. #%
#. #.


You could see an orc priest and a hobgoblin.

Vanquished Creatures
  A dart slug (D:2)
  2 leopard geckos (D:2)
  2 orcs (D:2)
  A giant cockroach (D:1)
  5 goblins
  4 hobgoblins
  4 kobolds
  2 frilled lizards
  2 rats
23 creatures vanquished.

Notes
Turn   | Place    | Note
-------+----------+-------------------------------------------
     0 | D:1      | vurker the Mummy Fire Elementalist began the quest for the
                  | Orb.
     0 | D:1      | Reached XP level 1. HP: 13/13 MP: 4/4
   271 | D:1      | Reached skill level 1 in Conjurations
   426 | D:1      | Reached skill level 3 in Spellcasting
   426 | D:1      | Reached XP level 2. HP: 19/19 MP: 4/6
  1257 | D:2      | Found a radiant altar of Vehumet.
  1690 | D:2      | Reached XP level 3. HP: 23/25 MP: 0/7
  1802 | D:3      | Killed from afar by an orc priest

Levels and vault maps discovered:
D:1:      tarquinn_simple_flora_water_d, layout_basic
D:2:      layout_rooms, vehumet_crystals
D:3:      layout_loops_corners, grunt_dithmenos_smoke_and_mirrors, first_ration

Skill      XL: |  1 |
---------------+----+-----
Conjurations   | 1 |  1.4
Spellcasting   | 3 |  3.2
Fighting       | |  0.5
Dodging        | |  1.5
Stealth        | |  1.5
Fire Magic     | |  2.8

Action                   || total
-------------------------++-------
Melee: Unarmed           ||    15
 Cast: Flame Tongue      ||    49
  Use: Scroll            ||     2
Armor: Robe              ||     7
Dodge: Dodged            ||    20

Table legend:
 A = Non-vault XP
 B = Vault XP
 C = Vault XP percentage of total XP
 D = Non-vault monster count
 E = Vault monster count
 F = Vault count percentage of total count
                 A         B        C        D         E       F
            +---------+---------+-------+---------+---------+-------
      Total |      45 |       0 |   0.0 |      23 |       0 |   0.0
            +---------+---------+-------+---------+---------+-------
        D:1 |      18 |       0 |   0.0 |      11 |       0 |   0.0
        D:2 |      27 |       0 |   0.0 |      12 |       0 |   0.0
            +---------+---------+-------+---------+---------+-------
